 Dungeon Crawl Stone Soup version 0.29-a0-775-g4d7333d4e2 (webtiles) character file.

Game seed: 1748585791412301636

7 Sabo the Trooper (level 1, 20/20 HPs)
             Began as a Minotaur Fighter on July 1, 2022.
             Was a Plaything of Xom.
             Got out of the dungeon alive.
             The game lasted 00:01:23 (457 turns).

Sabo the Trooper (Minotaur Fighter)                  Turns: 457, Time: 00:01:24

Health: 20/20      AC:  7    Str: 20    XL:     1   Next: 91%
Magic:  0/0        EV:  9    Int:  5    God:    Xom [..*...]
Gold:   0          SH:  4    Dex:  9    Spells: 0/0 levels left

rFire   . . .      SeeInvis .   a - +0 war axe
rCold   . . .      Faith    .   c - +0 buckler
rNeg    . . .      Spirit   .   b - +0 scale mail
rPois   .          Reflect  .   (helmet restricted)
rElec   .          Harm     .   (no cloak)
rCorr   .          Rampage  .   (no gloves)
Will    .....                   (no boots)
Stlth   ..........              (no amulet)
HPRegen 0.06/turn               (no ring)
MPRegen 0.07/turn               (no ring)

@: no status effects
A: horns 2, retaliatory headbutt
a: Renounce Religion


You escaped.
You worshipped Xom.
You were a toy of Xom.
You visited 1 branch of the dungeon, and saw 1 of its levels.

Inventory:

Hand Weapons
 a - a +0 war axe (weapon)
 e - a +2 short sword of venom
 g - a +0 sling
Armour
 b - a +0 scale mail (worn)
 c - a +0 buckler (worn)
Jewellery
 i - a +6 ring of intelligence
Scrolls
 f - a scroll of identify {unknown}
 h - a scroll of summoning {unknown}
Potions
 d - a potion of might


   Skills:
 + Level 3.8 Fighting
 + Level 2.5 Axes
 + Level 3.8 Armour
 + Level 3.8 Shields


You couldn't memorise any spells.
You didn't know any spells.
Your spell library contained the following spells:

 Spells                   Type           Power      Damage    Failure   Level
 Sandblast                Erth           0%         2d4       89%         1


Dungeon Overview and Level Annotations

Branches:
Dungeon (1/15)

Altars:
Xom


Innate Abilities, Weirdness & Mutations

You have a pair of horns on your head.
You reflexively headbutt those who attack you in melee.


Message History

You closely miss the quokka. You block the quokka's attack.
The quokka bites you but does no damage.
You hit the quokka. You headbutt the quokka.
You kill the quokka!
You start resting.
HP restored.
Things that are here:
a +2 short sword of venom; a kobold corpse
e - a +2 short sword of venom
f - a scroll labelled BALAX OSIONIM You see here a +0 sling.
g - a +0 sling An endoplasm comes into view.
Found a leather armour.
The endoplasm quivers.
You see here a scroll labelled INEIBB KATOKIO.
You slash the endoplasm!
You kill the endoplasm!
h - a scroll labelled INEIBB KATOKIO
Found a small diamond ring.
You see here a +0 leather armour.
Found Plato's Papyrus of Earth.
Found a faded altar of an unknown god.
Found a sling.
i - a +6 ring of intelligence You pick up Plato's Papyrus of Earth and begin reading...
You add the spell Sandblast to your library.
There is a faded altar of an unknown god here.
There is a faded altar of an unknown god here.
You cannot tell which god this altar belongs to.
Convert to them anyway?
Xom accepts your prayer! Xom welcomes you!
Xom is very intrigued!
As you open the door, it creaks loudly!
There is an open door here.
You see here a kobold skeleton.
There is a shaft here.
There is a staircase leading out of the dungeon here.
You can't go down here!
Are you sure you want to leave the Dungeon?
This will make you lose the game!
You have escaped!

#.# #.# ####### #.#
##.....#### #.#
##..###....######
#.###..## ##........##
#.#...## ##...##...##
#.#...######..#..###..#
#.#....##....###.^###.#
### #.##......@.##
###....#
.....##..##..##...#
###.##
#........##..######
##.# # #.##.###.#####
#.###.# # #..##
####.....# #...#
#......... ###.#
######### #.########
#.# #.......# #.# #.#
#.......# #.#


There were no monsters in sight!

Vanquished Creatures
  A dart slug (D:1)
  An endoplasm (D:1)
  A goblin (D:1)
  A quokka (D:1)
  A kobold (D:1)
5 creatures vanquished.

Notes
Turn   | Place    | Note
-------+----------+-------------------------------------------
     0 | D:1      | Sabo the Minotaur Fighter began the quest for the Orb.
     0 | D:1      | Reached XP level 1. HP: 19/19 MP: 0/0
   315 | D:1      | Found a faded altar of an unknown god.
   327 | D:1      | Got Plato's Papyrus of Earth
   330 | D:1      | Prayed at the altar of an unknown god.
   330 | D:1      | Became a worshipper of Xom of Chaos
   457 | D:$      | Got out of the dungeon alive.

Illustrated notes

Levels and vault maps discovered:
D:1:      dpeg_arrival_round_c, layout_basic,
          shapermc_ecumenical_altar_rom_forum

Action                   || total
-------------------------++-------
Melee: War axe           ||    10
       Headbutt          ||     2
Armor: Scale mail        ||     6
Dodge: Dodged            ||     3
Block: Buckler           ||     3

Table legend: (Time is in decaauts)
 A = Elapsed time spent in this place.
 B = Non-inter-level travel time spent in this place.
 C = Inter-level travel time spent in this place.
 D = Time resting spent in this place.
 E = Time spent auto-exploring this place.
 F = Levels seen in this place.
 G = Mean time per level.
                   A        B        C        D        E       F      G
               +--------+--------+--------+--------+--------+-----+--------+
         Total |    461 |    461 |      0 |    185 |      0 |   1 |  461.0 |
       Dungeon |    461 |    461 |      0 |    185 |      0 |   1 |  461.0 |
               +--------+--------+--------+--------+--------+-----+--------+

Top non-repeatable levels by time:
     D:1: 461 daAuts
